 Dungeon Crawl Stone Soup version 0.22-a0-402-ga933591 (webtiles) character file.

21 Kairos the Skirmisher (level 2, 16/16 HPs)
             Began as a Vine Stalker Fighter on May 7, 2018.
             Quit the game on level 1 of the Dungeon.
             The game lasted 00:00:53 (688 turns).

Kairos the Skirmisher (Vine Stalker Fighter)         Turns: 688, Time: 00:00:54

Health: 16/16      AC:  6    Str: 18    XL:     2   Next: 83%
Magic:  3/3        EV:  7    Int:  8    God:
Gold:   41         SH: 10    Dex: 13    Spells: 1/1 levels left

rFire    . . .     SeeInvis .   a - +0 war axe
rCold    . . .     Gourm    .   c - +1 shield
rNeg     . . .     Faith    .   b - +0 scale mail
rPois    .         Spirit   +   (no helmet)
rElec    .         Reflect  .   (no cloak)
rCorr    .         Harm     .   (no gloves)
MR       .....                  (no boots)
Stlth    ..........             (no amulet)
HPRegen  0.05/turn              (no ring)
MPRegen  0.08/turn              (no ring)

@: no status effects
A: fangs 2, magic shield, antimagic bite, no potion heal 3, rot immunity
a: no special abilities


You were on level 1 of the Dungeon.
You were not hungry.

You visited 1 branch of the dungeon, and saw 1 of its levels.

You collected 41 gold pieces.

Inventory:

Hand Weapons
 a - a +0 war axe (weapon)
Armour
 b - a +0 scale mail (worn)
 c - a +1 shield (worn)
Potions
 d - 3 potions of might
Comestibles
 f - 6 rations


   Skills:
 + Level 2.9 Fighting
 + Level 2.0 Axes
 + Level 2.7 Armour
 + Level 2.9 Shields


You had one spell level left.
You didn't know any spells.

Dungeon Overview and Level Annotations

Branches:
Dungeon (1/15)

Altars:


Innate Abilities, Weirdness & Mutations

You have extremely sharp teeth.
When hurt, damage is shared between your health and your magic reserves.
Your bite disrupts and absorbs the magic of your enemies.
Potions cannot restore your health.
You are immune to rotting.


Message History

Done exploring.
No target in view!
No target in view!
Done exploring.
No target in view!
No target in view!
Done exploring.
Done exploring.
As you read the scroll labeled SUABRY YFEUW, it crumbles to dust.
You feel strangely unstable.
It was a scroll of teleportation.
As you read the scroll labeled FAULAW ZICKOR, it crumbles to dust.
You feel blessed for a moment.
It was a scroll of remove curse.
As you read the scroll labeled XUM BYITOKKYO, it crumbles to dust.
It is a scroll of enchant armour.
Your +0 shield glows green for a moment.
It was a potion of curing.
That felt strangely inert.
Your surroundings suddenly seem different.
There is an open door here.
There is a stone staircase leading down here.
Are you sure you want to abandon this character and quit the game? (Confirm with "yes".)

####.# #..#..# # #.#
#.....# # ### ######.#...#
########......#...#
.......'......#...#
..######..........#
..######......#...#
...............#..#########
..........#.####@.........#
............#.............#
..........#.#.##..........#
..........#.#.##..........#
..........#.#.##......)...#
..........#.#.##..........#
###########.#.##..........#
#####.#####.#.##..........#
..............#...(########


There were no monsters in sight!

Vanquished Creatures
  A leopard gecko (D:1)
  2 giant cockroaches (D:1)
  A goblin (D:1)
  6 hobgoblins (D:1)
  3 kobolds (D:1)
  A ball python (D:1)
  A bat (D:1)
  A frilled lizard (D:1)
  A rat (D:1)
17 creatures vanquished.

Notes
Turn   | Place    | Note
-------+----------+-------------------------------------------
     0 | D:1      | Kairos the Vine Stalker Fighter began the quest for the Orb.
     0 | D:1      | Reached XP level 1. HP: 11/11 MP: 2/2
   132 | D:1      | Reached XP level 2. HP: 16/16 MP: 3/3
   688 | D:1      | Quit the game

Vault maps used:
D:1:      eino_arrival_cavern_a, serial_park_tiny_2

Skill      XL: |  1  2 |
---------------+-------+-----
Axes           | 2 |  2.0
Fighting       | |  2.9
Armour         | |  2.7
Shields        | |  2.9

Action                   || total
-------------------------++-------
Melee: War axe           ||    47
       Bite              ||     9
  Use: Scroll            ||     3
       Potion            ||     1
Armor: Scale mail        ||    13
Dodge: Dodged            ||    16
Block: Shield            ||    20

Table legend:
 A = Spawn XP
 B = Non-spawn XP
 C = Spawn XP percentage of total XP
 D = Spawn monster count
 E = Non-spawn monster count
 F = Spawn count percentage of total count
 G = Total turns spent on level
                    A         B        C        D         E        F      G
               +---------+---------+-------+---------+---------+-------+---------
         Total |       0 |      30 |   0.0 |       0 |      17 |   0.0 |   688
               +---------+---------+-------+---------+---------+-------+---------
           D:1 |       0 |      30 |   0.0 |       0 |      17 |   0.0 |   688
               +---------+---------+-------+---------+---------+-------+---------
